 Dungeon Crawl Stone Soup version 0.27.1-33-g824d729ab1 (webtiles) character file.

Game seed: 15997355345555921740

46 Karpo the Caller (level 3, 0/25 HPs)
             Began as a Gnoll Summoner on Dec 30, 2021.
             Slain by an adder (3 damage)
             ... on level 2 of the Dungeon.
             The game lasted 00:05:49 (2779 turns).

Karpo the Caller (Gnoll Summoner)                   Turns: 2779, Time: 00:05:50

Health: 0/25       AC:  5    Str:  8    XL:     3   Next: 66%
Magic:  9/9        EV: 11    Int: 14    God:
Gold:   112        SH:  0    Dex: 12    Spells: 11/12 levels left

rFire    . . .     SeeInvis .   f - +0 battleaxe
rCold    . . .     Faith    .   (shield currently unavailable)
rNeg     . . .     Spirit   .   d - +0 ring mail {Will+}
rPois    .         Reflect  .   (no helmet)
rElec    .         Harm     .   (no cloak)
rCorr    .         Rampage  .   (no gloves)
Will     +....                  (no boots)
Stlth    ++........             (no amulet)
HPRegen  0.08/turn              (no ring)
MPRegen  0.11/turn              (no ring)

@: lethally poisoned (0 -> -1)
A: fangs 1, strong nose, distributed training
a: no special abilities


You were on level 2 of the Dungeon.
You visited 1 branch of the dungeon, and saw 3 of its levels.

You collected 112 gold pieces.

Inventory:

Hand Weapons
 c - a +0 spear
 f - a +0 battleaxe (weapon)
 m - a +0 flail
Missiles
 g - 16 bolts
Armour
 a - a +0 robe
 d - a +0 ring mail of willpower (worn)
 i - a +0 ring mail
Jewellery
 h - a ring of magical power
Scrolls
 b - 3 scrolls of teleportation {unknown}
 e - 2 scrolls of identify {unknown}
 k - a scroll of immolation {unknown}
 p - a scroll of enchant armour {unknown}
Potions
 j - a potion of magic {unknown}
 l - a potion of might {unknown}
 n - a potion of flight {unknown}
 o - a potion of attraction {unknown}


   Skills:
 + Level 0.9 Fighting
 + Level 0.9 Short Blades
 + Level 0.9 Long Blades
 + Level 0.9 Axes
 + Level 0.9 Maces & Flails
 + Level 0.9 Polearms
 + Level 0.9 Staves
 + Level 0.9 Slings
 + Level 0.9 Bows
 + Level 0.9 Crossbows
 + Level 0.9 Throwing
 + Level 0.9 Armour
 + Level 4.5 Dodging
 + Level 4.2 Stealth
 + Level 0.9 Shields
 + Level 0.9 Unarmed Combat
 + Level 5.0 Spellcasting
 + Level 0.6 Conjurations
 + Level 0.6 Hexes
 + Level 7.1 Summonings
 + Level 0.6 Necromancy
 + Level 0.6 Translocations
 + Level 0.6 Transmutations
 + Level 0.6 Fire Magic
 + Level 0.6 Ice Magic
 + Level 0.6 Air Magic
 + Level 0.6 Earth Magic
 + Level 0.6 Poison Magic
 + Level 1.0 Invocations
 + Level 0.9 Evocations


You had 11 spell levels left.
You knew the following spells:

 Your Spells              Type           Power      Damage    Failure   Level
a - Summon Small Mammal   Summ           92%        N/A       3%          1

Your spell library contained the following spells:

 Spells                   Type           Power      Damage    Failure   Level
 Call Imp                 Summ           23%        N/A       4%          2
 Call Canine Familiar     Summ           23%        N/A       9%          3
 Summon Guardian Golem    Hex/Summ       14%        N/A       32%         3
 Summon Lightning Spire   Summ/Air       14%        N/A       73%         4


Dungeon Overview and Level Annotations

Branches:
Dungeon (3/15)

Altars:
The Shining One


Innate Abilities, Weirdness & Mutations

You have very sharp teeth.
Your uncanny sense of smell can sniff out nearby items.
Your experience applies equally to all skills.


Message History

You miss the adder.
You feel sick. The adder barely misses you. The adder bites you.
You are more poisoned.
The adder poisons you!
You barely miss the adder.
You feel very sick. The adder closely misses you.
The adder bites you but does no damage.
You miss the adder.
You feel very sick. The adder bites you but does no damage.
The adder barely misses you. The adder bites you.
You hit the adder. Your bite misses the adder.
The adder is moderately wounded.
You feel sick. The adder barely misses you. The adder bites you.
You are too injured to fight recklessly!
You are too injured to fight recklessly!
Casting: Summon Small Mammal (safe; 3% risk of failure)
Confirm with . or Enter, or press ? or * to list all spells.
Okay, then.
You barely miss the adder.
The adder is moderately wounded.
You feel sick.
The adder bites you but does no damage. x2
You closely miss the adder.
The adder is moderately wounded.
You feel sick.
You are no longer poisoned.
The adder closely misses you. The adder bites you.
* * * LOW HITPOINT WARNING * * *
You are poisoned.
The adder poisons you!
You closely miss the adder.
The adder is moderately wounded.
* * * LOW HITPOINT WARNING * * *
You feel sick. The adder closely misses you.
The adder bites you but does no damage.
You closely miss the adder.
The adder is moderately wounded.
* * * LOW HITPOINT WARNING * * *
You feel sick. The adder bites you but does no damage. The adder bites you.
You die...

##...#####....
##..........#......
..................
##...[..###.#..#..
# ∆ ##...### #
....# ##..#####.#.
#.#.# #
#........#.##.#.#.#
##.#####.#...S....#
#.# #.....@..# #.#
######.### .# # #.#
#.# #.## # #.#
#.#########...## #
#.#
#.#............# #
#.# #.#.######....#
#####.#
#.......##.#.####
......#
###.###.##.......
####### #.#
#....#.#


You could see an adder.

Vanquished Creatures
  An adder (D:2)
  A dart slug (D:1)
  3 ball pythons
  5 endoplasms
  2 giant cockroaches (D:1)
  2 goblins (D:1)
  2 hobgoblins
  3 jackals (D:1)
  A kobold (D:1)
  A quokka (D:2)
  7 bats
  A frilled lizard (D:1)
  A goblin skeleton (D:3)
  2 rats
32 creatures vanquished.

Vanquished Creatures (others)
  7 toadstools (D:1)
7 creatures vanquished.

Grand Total: 39 creatures vanquished

Notes
Turn   | Place    | Note
-------+----------+-------------------------------------------
     0 | D:1      | Karpo the Gnoll Summoner began the quest for the Orb.
     0 | D:1      | Reached XP level 1. HP: 13/13 MP: 6/6
   460 | D:1      | Reached XP level 2. HP: 10/19 MP: 7/7
  1430 | D:1      | Reached XP level 3. HP: 25/25 MP: 9/9
  1781 | D:1      | Reached skill level 5 in Spellcasting
  2027 | D:2      | Reached skill level 1 in Invocations
  2134 | D:3      | Found a glowing golden altar of the Shining One.
  2233 | D:2      | Found a faded altar of an unknown god.
  2779 | D:2      | Slain by an adder

Illustrated notes

Levels and vault maps discovered:
D:1:      nagdon_arrival_double_spiral, layout_basic, minmay_tetromino_t4
D:2:      layout_loops_corners, basic_ecumenical_altar
D:3:      layout_loops_corners, nicolae_tso_besieged_by_evil, uniq_jessica,
          uniq_terence

Skill      XL: |  1  2  3 |
---------------+----------+-----
Spellcasting   | 5 |  5.0
Invocations    | 1 |  1.0
Fighting       | |  0.9
Short Blades   | |  0.9
Long Blades    | |  0.9
Axes           | |  0.9
Maces & Flails | |  0.9
Polearms       | |  0.9
Staves         | |  0.9
Slings         | |  0.9
Bows           | |  0.9
Crossbows      | |  0.9
Throwing       | |  0.9
Armour         | |  0.9
Dodging        | |  4.5
Stealth        | |  4.2
Shields        | |  0.9
Unarmed Combat | |  0.9
Conjurations   | |  0.6
Hexes          | |  0.6
Summonings     | |  7.1
Necromancy     | |  0.6
Translocations | |  0.6
Transmutations | |  0.6
Fire Magic     | |  0.6
Ice Magic      | |  0.6
Air Magic      | |  0.6
Earth Magic    | |  0.6
Poison Magic   | |  0.6
Evocations     | |  0.9

Action                   || total
-------------------------++-------
Melee: Spear             ||    25
       Unarmed           ||     4
       Bite              ||     4
       Battleaxe         ||   102
 Cast: Summon Small Mamm ||     3
 Stab: Sleeping          ||     7
Armor: Ring mail         ||    79
Dodge: Dodged            ||    92
